 Dungeon Crawl Stone Soup version 0.30-b1-2-g02819fbbbe (webtiles) character file.

Game seed: 10048774501209867664

18439 MackTheKnife the Cleaver (level 12, -5/121 HPs)
             Began as a Gargoyle Fighter on May 9, 2023.
             Was an Elder of Trog.
             Slain by a komodo dragon (25 damage)
             ... on level 1 of the Lair of Beasts.
             The game lasted 00:15:39 (11088 turns).

MackTheKnife the Cleaver (Gargoyle Fighter)        Turns: 11088, Time: 00:15:40

Health: -5/121     AC: 17    Str: 22    XL:     12   Next: 58%
Magic:  12/12      EV: 16    Int:  8    God:    Trog [****..]
Gold:   968        SH: 10    Dex: 19    Spells: 11/11 levels left

rFire   + + .        b - +10 dagger of Boggakull {drain, rF++ Int-2, short}
rCold   + . .        c - +0 buckler
rNeg    + . .        P - +3 leather armour {Will+}
rPois   ∞            (no helmet)
rElec   +            N - +1 cloak "Unlobb" {rPois Int+2 SInv Stlth+}
rCorr   .            (no gloves)
SInv    +            (no boots)
Will    +....        K - amulet of reflection Stlth
                     q - +6 ring of dexterity
HPRegen 0.40/turn    v - ring of protection from cold
MPRegen 0.13/turn

%: reflection
@: berserking, very quick
A: sickness immunity, AC +8, negative energy resistance 1, electricity
resistance, torment resistance 1, petrification resistance
a: Renounce Religion, Berserk, Trog's Hand, Brothers in Arms


You were on level 1 of the Lair of Beasts.
You worshipped Trog.
Trog was greatly pleased with you.
You visited 2 branches of the dungeon, and saw 12 of its levels.
You also visited: Gauntlet.

You collected 1050 gold pieces.
You spent 82 gold pieces at shops.


Innate Abilities, Weirdness & Mutations

You are immune to sickness and miasma.
Your stone body is resilient. (AC +8)
You are immune to poison.
You resist negative energy. (rN+)
You are resistant to electric shocks. (rElec)
You are resistant to unholy torment.
You are immune to petrification.


   Skills:
 - Level 12.0 Fighting
 - Level 3.4 Short Blades
 + Level 13.0 Axes
 - Level 6.2 Armour
 - Level 7.1 Dodging
 - Level 3.2 Shields


You had 11 spell levels left.
You didn't know any spells.
Your spell library contained the following spells:

 Spells                   Type           Power      Damage    Failure   Level
 Magic Dart               Conj           0%         1d3       52%         1
 Searing Ray              Conj           0%         2d4       67%         2
 Fulminant Prism          Conj/Hex       0%         3d5       99%         4
 Petrify                  Tmut/Erth      0%         N/A       99%         4
 Irradiate                Conj/Tmut      0%         3d11      100%        5
 Sublimation of Blood     Necr           Unusable   N/A       N/A         2

Inventory:

Hand Weapons
 a - a +0 war axe {axe}
 b - the +10 dagger of Boggakull (weapon) {drain, rF++ Int-2, short}
   (You found it on level 3 of the Dungeon)

   Int:       It affects your intelligence (-2).
   rF:        It greatly protects you from fire.
 y - a +0 executioner's axe of electrocution {axerare=g}
   (You took it off an orc on level 5 of the Dungeon)
Missiles
 Q - a throwing net (quivered) {=f!fthrowing}
Armour
 c - a +0 buckler (worn)
 N - the +1 cloak "Unlobb" (worn) {rPois Int+2 SInv Stlth+}
   (You found it in a Gauntlet)

   Int:       It affects your intelligence (+2).
   rPois:     It protects you from poison.
   SInv:      It lets you see invisible.
   Stlth:     It makes you more stealthy.
 P - a +3 leather armour of willpower (worn)
   (You found it in a Gauntlet)
Jewellery
 q - a +6 ring of dexterity (left hand)
   (You found it on level 3 of the Dungeon)
 v - a ring of protection from cold (right hand)
   (You found it on level 4 of the Dungeon)
 A - a ring of positive energy
   (You found it on level 5 of the Dungeon)
 C - the ring of Nigguij {rF+ Int+6}
   (You took it off a minotaur in a Gauntlet)

   [ring of intelligence]

   Int:       It affects your intelligence (+6).
   rF:        It protects you from fire.
 K - an amulet of reflection (around neck)
   (You found it on level 7 of the Dungeon)
Wands
 n - a wand of acid (13)
   (You found it on level 3 of the Dungeon)
 z - a wand of roots (20)
   (You took it off an orc on level 5 of the Dungeon)
 B - a wand of mindburst (27)
   (You found it on level 5 of the Dungeon)
 J - a wand of flame (23)
   (You found it on level 7 of the Dungeon)
 M - a wand of paralysis (4)
   (You found it on level 11 of the Dungeon)
Scrolls
 f - 2 scrolls of fog
 i - 7 scrolls of teleportation {@r4}
 j - 3 scrolls of vulnerability {!r!r}
 k - a scroll of torment {!r}
 p - 4 scrolls of blinking {!r}
 s - 2 scrolls of magic mapping {!r}
 w - a scroll of silence {!r}
 x - a scroll of immolation {!r!r}
 E - a scroll of brand weapon
 F - a scroll of identify {@r1}
 L - a scroll of enchant weapon
Potions
 d - a potion of might
 e - 2 potions of cancellation
 g - 4 potions of flight
 h - 7 potions of heal wounds {@q2}
 l - a potion of mutation {unknown}
 m - 2 potions of ambrosia
 o - 3 potions of brilliance {unknown}
 r - 5 potions of curing {@q1}
 t - a potion of lignification {unknown}
 u - 3 potions of degeneration {unknown}
 D - a potion of haste {unknown}
 G - 2 potions of berserk rage {unknown}
 H - 4 potions of attraction {unknown}
 I - 2 potions of magic {unknown}
 O - a potion of invisibility {unknown}

Dungeon Overview and Level Annotations

Branches:
Dungeon (11/15) Zot: 25852  Temple (0/1) D:7            Lair (1/5) D:8 Zot: 5601
    Orc (0/2) D:9         Gauntlet (visited)

Altars:
Cheibriados
Elyvilon
Makhleb
Sif Muna
Trog
Vehumet
Xom
Zin
The Shining One

Shops:
D:1 *!=(   D:3 *   D:7 =   D:8 *?(((   D:9 [(

Annotations:
D:5 1 runed translucent door, Manslay's ghost, novice OpCj

#.##............... #
##............... ##
##.##....#..#....#
##.###.##......#.......
#...#........#.........
#....##.............. #
#...##P....$.........
##.#....##......#P......
#......@# .............
#..###.l................
#.. #...................
## .....................
......................
...P#........#..........
#..##..............#....
P.. ....#...............
............


You could see a komodo dragon.


Message History

😮 HP[+1]
Things that are here:
a +0 short sword of distortion {!wshort}; 3 curare-tipped darts {=fthrowing} 😮 HP[+1]
A yak and a wolf come into view.
There are monsters nearby!
There are monsters nearby!
Unknown command. 😮 HP[+1] 😮 HP[+1]
A komodo dragon comes into view.
You see here a black mamba corpse.
Things that are here:
a +0 short sword of distortion {!wshort}; 3 curare-tipped darts {=fthrowing} 😮 HP[+1] 😮 HP[+1]
You hit the komodo dragon. You drain the komodo dragon.
The komodo dragon bites you!
* * * LOW HITPOINT WARNING * * *
😨 HP[-10]
You take 10 damage, and now have 39/81 hp.
You puncture the komodo dragon! You drain the komodo dragon.
The komodo dragon bites you.
* * * LOW HITPOINT WARNING * * *
😨 HP[-5]
You take 5 damage, and now have 34/81 hp.
You hit the komodo dragon. You block the komodo dragon's attack.
You barely miss the komodo dragon. The komodo dragon bites you!
* * * LOW HITPOINT WARNING * * *
😱 HP[-15]
You take 15 damage, and now have 19/81 hp.
You hit the komodo dragon. You drain the komodo dragon.
You barely miss the komodo dragon.
The komodo dragon bites you but does no damage. 😱 HP[+1] Unknown command.
You hit the komodo dragon.
The komodo dragon bites you but does no damage.
You puncture the komodo dragon! You block the komodo dragon's attack.
You hit the komodo dragon.
You kill the komodo dragon!
Trog accepts your kill.
Your Axes skill increases to level 13! 😨 HP[+1] 😨 HP[+1] 😨 HP[+1] 😨 HP[+1] 😨 HP[+1] 😨 HP[+1]
A komodo dragon comes into view.
You hear the brisk rumble of a very distant avalanche of rocks. 😨 HP[+1] 😨 HP[+1]
Found a stone staircase leading down. 😨 HP[+1] 😨 HP[+1] 😨 HP[+1] 😨 HP[+1] 😨 HP[+1] 😨 HP[+1]
You see here 2 throwing nets {=f!fthrowing}. 😨 HP[+1] 😨 HP[+1]
There are no items here.
You see here 2 throwing nets {=f!fthrowing}.
Q - 2 throwing nets {=f!fthrowing} The komodo dragon hisses angrily. 😨 HP[+1]
The komodo dragon hisses menacingly. 😨 HP[+1] Throw: 2 throwing nets {=f!fthrowing}
Press: ? - help, Q - select action, (/) - cycle Shift-Dir - straight line, f - komodo dragon
Aim: a komodo dragon (73% to hit)
You throw a throwing net {=f!fthrowing}.
The throwing net {=f!fthrowing} hits the komodo dragon.
The komodo dragon is caught in the net!
The komodo dragon struggles against the net.
The komodo dragon struggles against the net. 😨 HP[+1]
The komodo dragon struggles against the net.
The komodo dragon struggles against the net.
The net rips apart, and the komodo dragon comes free!
You puncture the komodo dragon!
You block the komodo dragon's attack. 😨 HP[+1]
You hit the komodo dragon but do no damage.
The komodo dragon bites you!
* * * LOW HITPOINT WARNING * * *
😨 HP[-17]
You take 17 damage, and now have 23/81 hp.
MASSIVE DAMAGE!! (PAUSE)
A red film seems to cover your vision as you go berserk!
You feel yourself moving faster!
You feel mighty! The komodo dragon bites you!
* * * LOW HITPOINT WARNING * * *
😱 HP[-4]
You now have 121 max hp (+40).
You puncture the komodo dragon! You puncture the komodo dragon!
You block the komodo dragon's attack.
You barely miss the komodo dragon. You puncture the komodo dragon!
The komodo dragon bites you!!
You die...

Skill      XL: |  1  2  3  4  5  6  7  8  9 10 11 12 |
---------------+-------------------------------------+-----
Axes           | 2 3 5 10 13 | 13.0
Short Blades   | 2 3 |  3.4
Fighting       | 4 5 7 12 | 12.0
Dodging        | 1 5 7 |  7.1
Armour         | 6 |  6.2
Shields        | |  3.2

Action                     |  1- 3 |  4- 6 |  7- 9 | 10-12 || total
---------------------------+-------+-------+-------+-------++-------
  Melee: War axe           |    68 |       |       |       ||    68
         Dagger            |     2 |   116 |   241 |   488 ||   847
  Throw: Throwing net      |       |       |       |     1 ||     1
 Invoke: Berserk           |       |       |     5 |     9 ||    14
         Trog's Hand       |       |       |     1 |     3 ||     4
         Brothers in Arms  |       |       |       |     1 ||     1
  Evoke: Wand              |       |       |     5 |     1 ||     6
    Use: Scroll            |       |       |     8 |    11 ||    19
         Potion            |       |       |       |     1 ||     1
   Stab: Sleeping          |       |     1 |       |     3 ||     4
         Distracted        |       |       |       |     2 ||     2
 Armour: Scale mail        |    20 |       |       |       ||    20
         Leather armour    |     9 |    37 |    71 |   144 ||   261
  Dodge: Dodged            |    30 |    32 |   135 |   325 ||   522
  Block: Buckler           |     9 |    22 |    90 |   265 ||   386
         Reflection        |       |       |     1 |     5 ||     6

Levels and vault maps discovered:
D:1:      elethiomel_arrival_quiet, layout_loops_cross, serial_shops,
          shop_statue, shop, nicolae_diamond_shop,
          nicolae_shop_pleasant_corner_grove, nrook_campfire,
          due_unseen_surprise
D:2:      layout_loops_ring
D:3:      layout_basic, ebering_ecumenical_altar_rust, serial_shops,
          nicolae_shop_crystal, minmay_liquid_box
D:4:      layout_loops_corners, kennysheep_mini_moat, bloody_makhleb
D:5:      layout_loops_corners, gammafunk_ghost_grave, minmay_starry_boxes
D:6:      layout_cave_pods, uniq_duvessa
D:7:      layout_basic, mainiacjoe_overflow_alcove_1,
          minmay_temple_entry_arrows, serial_shops, nicolae_shop_back_alley_shop
D:8:      statuecave_lemuel, layout_basic, dreamdust_divine_triumvirate,
          serial_shops, shop, nicolae_square_shop, nicolae_shop_stone, shop,
          shop, minivault_11, kb_lookout_dungeons_type
D:9:      layout_cave_pools, vehumet_statue, mainiacjoe_overflow_tiny_flanked,
          cheibriados_altar_1, orc_david_3, uniq_pikel
D:10:     layout_basic, minmay_orc_keep
D:11:     layout_irregular_city, gauntlet_entry_generic, uniq_lodul
Lair:1:   layout_cave_shapes, enter_volcano_1, beast_lair_carwin_3, uniq_harold,
          uniq_sonja, uniq_erica

Notes
Turn   | Place    | Note
-------+----------+-------------------------------------------
     0 | D:1      | MackTheKnife the Gargoyle Fighter began the quest for the
                  | Orb.
     0 | D:1      | Reached XP level 1. HP: 14/14 MP: 1/1
     0 | D:1      | magus.rc [v1.9.6]
    12 | D:1      | Found Caxiumuf's Distillery.
    23 | D:1      | Found Jega's Assorted Antiques.
   115 | D:1      | Reached skill level 2 in Axes
   294 | D:1      | Found Fujypn's Jewellery Shop.
   308 | D:1      | Found Licwan's Antique Weapon Emporium.
   336 | D:1      | Reached XP level 2. HP: 13/19 MP: 2/2
   787 | D:2      | Reached skill level 3 in Axes
   819 | D:2      | Reached XP level 3. HP: 23/23 MP: 3/3
  1156 | D:2      | You pick up a book of Conjurations {@e2} and begin
                  | reading...
  1156 | D:2      | You add the spells Magic Dart, Searing Ray and Fulminant
                  | Prism to your library.
  1258 | D:3      | Identified the +10 dagger of Boggakull {drain, rF++ Int-2}
  1317 | D:3      | Found Roagras's Assorted Antiques.
  1321 | D:3      | Reached XP level 4. HP: 28/28 MP: 4/4
  1322 | D:3      | Reached skill level 1 in Short Blades
  1436 | D:3      | Reached skill level 2 in Short Blades
  1529 | D:3      | Reached XP level 5. HP: 32/32 MP: 5/5
  1547 | D:3      | Reached skill level 3 in Short Blades
  1757 | D:3      | Found a faded altar of an unknown god.
  1903 | D:3      | Prayed at the altar of an unknown god.
  1903 | D:3      | Became a worshipper of Trog the Wrathful
  1903 | D:3      | Reached * piety under Trog
  1995 | D:4      | Found a burning altar of Makhleb.
  2041 | D:4      | You pick up a book of Alchemy {forbidden} and begin
                  | reading...
  2041 | D:4      | You add the spells Petrify and Irradiate to your library.
  2122 | D:4      | Found a bloodstained altar of Trog.
  2219 | D:4      | Identified the +2 leather armour "Elaiczaz" {Dex+2}
  2663 | D:4      | Reached skill level 4 in Fighting
  2663 | D:4      | Reached XP level 6. HP: 38/38 MP: 6/6
  2857 | D:5      | Entered Level 5 of the Dungeon
  3012 | D:5      | Found a runed translucent door.
  3012 | D:5      | Noticed Manslay's ghost (novice OpCj)
  3158 | D:5      | Reached skill level 5 in Fighting
  3190 | D:5      | y - a +0 executioner's axe {axerare=g}
  3265 | D:5      | Reached XP level 7. HP: 30/45 MP: 4/7
  3570 | D:5      | Reached skill level 6 in Fighting
  3788 | D:5      | Reached ** piety under Trog
  3789 | D:5      | Reached skill level 7 in Fighting
  4151 | D:6      | Reached skill level 1 in Dodging
  4151 | D:6      | Reached XP level 8. HP: 45/54 MP: 6/8
  4226 | D:6      | Noticed Duvessa
  4227 | D:6      | Noticed Dowan
  4364 | D:6      | Killed Dowan
  4365 | D:6      | Reached skill level 2 in Dodging
  4537 | D:6      | Reached skill level 3 in Dodging
  4609 | D:6      | Identified the +0 trident of Dominance {flame, rCorr Str+9}
  4788 | D:6      | Reached skill level 4 in Dodging
  4882 | D:6      | Reached skill level 5 in Dodging
  4956 | D:6      | Killed Duvessa
  5087 | D:6      | Reached XP level 9. HP: 58/58 MP: 9/9
  5113 | D:6      | Reached skill level 6 in Dodging
  5803 | D:7      | Found a staircase to the Ecumenical Temple.
  5924 | D:7      | Found a shimmering blue altar of Sif Muna.
  5953 | D:7      | Found Ycly's Jewellery Boutique.
  6032 | D:7      | Reached skill level 7 in Dodging
  6229 | D:8      | Found Uches's Antique Weapon Shoppe.
  6229 | D:8      | Found a staircase to the Lair.
  6232 | D:8      | Noticed a manticore
  6249 | D:8      | Killed a manticore
  6250 | D:8      | Reached skill level 5 in Armour
  6340 | D:8      | Reached skill level 6 in Armour
  6376 | D:8      | Reached skill level 4 in Axes
  6490 | D:8      | Reached skill level 5 in Axes
  6537 | D:8      | Found Nacvat's Antique Weapon Shop.
  6539 | D:8      | Found Gagiqaot's Magic Scroll Shoppe.
  6553 | D:8      | Bought a scroll of blinking for 82 gold pieces
  6558 | D:8      | Found Doehem's Antique Weapon Emporium.
  6675 | D:8      | Reached XP level 10. HP: 49/64 MP: 10/10
  6676 | D:8      | Reached *** piety under Trog
  6818 | D:8      | your +0 executioner's axe {axerare=g} crackles with
                  | electricity.
  6818 | D:8      | y - a +0 executioner's axe of electrocution {axerare=g}
  6871 | D:8      | Found Guorr's Assorted Antiques.
  6878 | D:8      | Reached skill level 6 in Axes
  6892 | D:8      | Found a glowing silver altar of Zin.
  6892 | D:8      | Found a glowing golden altar of the Shining One.
  6924 | D:8      | Found a white marble altar of Elyvilon.
  7082 | D:9      | Found a radiant altar of Vehumet.
  7105 | D:9      | Found a snail-covered altar of Cheibriados.
  7118 | D:9      | Found Woah's Weapon Emporium.
  7118 | D:9      | Found a staircase to the Orcish Mines.
  7119 | D:9      | Found Kioguorrix's Armour Emporium.
  7166 | D:9      | Reached skill level 7 in Axes
  7271 | D:9      | Noticed Pikel
  7277 | D:9      | Noticed a two-headed ogre
  7281 | D:9      | Killed Pikel
  7290 | D:9      | Killed a two-headed ogre
  7291 | D:9      | Reached skill level 8 in Axes
  7580 | D:9      | Found a shimmering altar of Xom.
  7776 | D:10     | Entered Level 10 of the Dungeon
  7837 | D:10     | Noticed a kobold demonologist
  7837 | D:10     | Noticed a kobold demonologist
  7839 | D:10     | Noticed a kobold demonologist
  7841 | D:10     | Noticed a smoke demon
  7842 | D:10     | Noticed a rust devil
  7846 | D:10     | Killed a kobold demonologist
  7847 | D:10     | Reached skill level 9 in Axes
  7850 | D:10     | Killed a kobold demonologist
  7855 | D:10     | Killed a kobold demonologist
  7994 | D:10     | Reached skill level 10 in Axes
  7999 | D:10     | Reached XP level 11. HP: 47/68 MP: 11/11
  8579 | D:10     | Reached **** piety under Trog
  8677 | D:10     | You pick up a book of Conjurations {forbidden@e2} and begin
                  | reading...
  8973 | D:11     | Reached skill level 8 in Fighting
  9002 | D:11     | Noticed Lodul
  9043 | D:11     | Killed Lodul
  9044 | D:11     | Reached skill level 9 in Fighting
  9055 | D:11     | Found a gate leading to a gauntlet.
  9065 | Gauntlet | Entered a Gauntlet
  9065 | Gauntlet | Noticed a spectral death yak
  9065 | Gauntlet | Found a transporter.
  9068 | Gauntlet | Found a transporter.
  9080 | Gauntlet | Found a transporter.
  9085 | Gauntlet | Found a transporter.
  9094 | Gauntlet | Found a transporter.
  9114 | Gauntlet | Found a transporter.
  9125 | Gauntlet | Noticed a green death
  9127 | Gauntlet | Found a transporter.
  9147 | Gauntlet | Found a transporter.
  9151 | Gauntlet | Found a transporter.
  9151 | Gauntlet | Noticed a brown ugly thing
  9154 | Gauntlet | Noticed a glowing orange brain
  9159 | Gauntlet | Found a transporter.
  9176 | Gauntlet | Noticed a death scarab
  9177 | Gauntlet | Noticed a death scarab
  9184 | Gauntlet | Found a transporter.
  9193 | Gauntlet | Killed a death scarab
  9201 | Gauntlet | Killed a spectral death yak
  9202 | Gauntlet | Reached skill level 10 in Fighting
  9208 | Gauntlet | HP: 14/72 [death scarab (23)]
  9210 | Gauntlet | Killed a death scarab
  9216 | Gauntlet | Found a transporter.
  9429 | Gauntlet | Identified the +6 shortbow "Aqeum" {freeze, rC+}
  9432 | Gauntlet | Identified the +0 helmet of a sewer {rC- Int+2 SInv}
  9455 | Gauntlet | Reached skill level 11 in Fighting
  9496 | Gauntlet | Identified the +1 cloak "Unlobb" {rPois Int+2 SInv Stlth+}
  9528 | Gauntlet | Identified the ring of Nigguij {rF+ Int+6}
  9528 | Gauntlet | Noticed a minotaur
  9543 | Gauntlet | Killed a minotaur
  9596 | Gauntlet | Identified the +1 robe of the Pleiades {rPois MP+9 Int+3
                  | Dex-2}
  9603 | Gauntlet | Identified the +1 dagger of the Enfolding Gods {freeze, rC+
                  | Str+2 Int+3 Dex+2}
  9725 | D:11     | Noticed a brown ugly thing
  9740 | D:11     | Killed a brown ugly thing
  9741 | D:11     | Reached skill level 12 in Fighting
  9741 | D:11     | Reached XP level 12. HP: 62/81 MP: 12/12
  9844 | D:11     | Reached skill level 11 in Axes
 10675 | Lair:1   | Entered Level 1 of the Lair of Beasts
 10675 | Lair:1   | Noticed Harold
 10684 | Lair:1   | Killed Harold
 10798 | Lair:1   | Noticed Sonja
 10823 | Lair:1   | Reached skill level 12 in Axes
 10867 | Lair:1   | Killed Sonja
 11019 | Lair:1   | HP: 19/81 [komodo dragon (15)]
 11025 | Lair:1   | Reached skill level 13 in Axes
 11084 | Lair:1   | HP: 19/121 [komodo dragon (16)]
 11088 | Lair:1   | Slain by a komodo dragon

Vanquished Creatures
  A minotaur (Gauntlet)
  Harold (Lair:1)
  A two-headed ogre (D:9)
  2 death scarabs (Gauntlet)
  Sonja (Lair:1)
  A spectral death yak (Gauntlet)
  Lodul (D:11)
  Pikel (D:9)
  An ugly thing (D:11)
  3 manticores
  4 elephants (Lair:1)
  2 black mambas (Lair:1)
  A rime drake (Lair:1)
  3 kobold demonologists (D:10)
  2 komodo dragons
  A troll (D:11)
  2 shadows
  A wyvern (D:8)
  A wraith (D:10)
  4 yaks (D:10)
  2 centaur simulacra (Gauntlet)
  A basilisk (Lair:1)
  A redback simulacrum (Gauntlet)
  4 vampire mosquitoes (D:10)
  2 acid dragons
  A hydra simulacrum (Gauntlet)
  3 water moccasins
  Duvessa (D:6)
  A meliai simulacrum (Gauntlet)
  2 orc warriors
  An ice beast (D:6)
  A black bear (D:6)
  9 ogres
  3 centaurs
  3 phantoms
  A kobold brigand (D:10)
  8 bullfrogs
  4 scorpions
  13 wights
  12 killer bees
  Dowan (D:6)
  An electric eel (D:8)
  4 howler monkeys
  2 hounds
  2 jellies
  6 orc priests
  2 iguanas
  8 orc wizards
  A statue (D:9)
  6 adders
  3 gnolls (D:3)
  2 shadow imps (D:7)
  3 ufetubi
  2 worms
  2 dart slugs
  34 orcs
  4 ball pythons
  4 endoplasms
  A giant cockroach (D:1)
  6 goblins
  7 hobgoblins
  8 jackals
  8 kobolds
  6 quokkas
  2 frilled lizards
  3 rats
235 creatures vanquished.

Vanquished Creatures (collateral kills)
  A spectral dream sheep (Gauntlet)
  A spectral fire crab (Gauntlet)
  A spectral torpor snail (Gauntlet)
3 creatures vanquished.

Vanquished Creatures (others)
  20 demonic plants (Gauntlet)
  A withered plant (Gauntlet)
21 creatures vanquished.

Grand Total: 259 creatures vanquished

Table legend:
 A = Non-vault XP
 B = Vault XP
 C = Vault XP percentage of total XP
 D = Non-vault monster count
 E = Vault monster count
 F = Vault count percentage of total count
                 A         B        C        D         E       F
            +---------+---------+-------+---------+---------+-------
      Total |   16782 |    9560 |  36.3 |     190 |      48 |  20.2
            +---------+---------+-------+---------+---------+-------
        D:1 |      19 |       0 |   0.0 |      10 |       0 |   0.0
        D:2 |      43 |       0 |   0.0 |      15 |       0 |   0.0
        D:3 |     173 |       0 |   0.0 |      25 |       0 |   0.0
        D:4 |     149 |       0 |   0.0 |      19 |       0 |   0.0
        D:5 |     536 |     176 |  24.7 |      12 |       6 |  33.3
        D:6 |    1220 |     208 |  14.6 |      22 |       2 |   8.3
        D:7 |     561 |       0 |   0.0 |      12 |       0 |   0.0
        D:8 |    1801 |     110 |   5.8 |      16 |       1 |   5.9
        D:9 |    1627 |     823 |  33.6 |       7 |       8 |  53.3
       D:10 |    3685 |     132 |   3.5 |      23 |       9 |  28.1
       D:11 |    2904 |    1595 |  35.5 |      17 |       8 |  32.0
     Lair:1 |    4064 |    1677 |  29.2 |      12 |       2 |  14.3
   Gauntlet |       0 |    4839 | 100.0 |       0 |      12 | 100.0
            +---------+---------+-------+---------+---------+-------

Skill      XL: |  1  2  3  4  5  6  7  8  9 10 11 12 |
---------------+-------------------------------------+-----
Axes           | 2 3 5 10 13 | 13.0
Short Blades   | 2 3 |  3.4
Fighting       | 4 5 7 12 | 12.0
Dodging        | 1 5 7 |  7.1
Armour         | 6 |  6.2
Shields        | |  3.2

Action                     |  1- 3 |  4- 6 |  7- 9 | 10-12 || total
---------------------------+-------+-------+-------+-------++-------
  Melee: War axe           |    68 |       |       |       ||    68
         Dagger            |     2 |   116 |   241 |   488 ||   847
  Throw: Throwing net      |       |       |       |     1 ||     1
 Invoke: Berserk           |       |       |     5 |     9 ||    14
         Trog's Hand       |       |       |     1 |     3 ||     4
         Brothers in Arms  |       |       |       |     1 ||     1
  Evoke: Wand              |       |       |     5 |     1 ||     6
    Use: Scroll            |       |       |     8 |    11 ||    19
         Potion            |       |       |       |     1 ||     1
   Stab: Sleeping          |       |     1 |       |     3 ||     4
         Distracted        |       |       |       |     2 ||     2
 Armour: Scale mail        |    20 |       |       |       ||    20
         Leather armour    |     9 |    37 |    71 |   144 ||   261
  Dodge: Dodged            |    30 |    32 |   135 |   325 ||   522
  Block: Buckler           |     9 |    22 |    90 |   265 ||   386
         Reflection        |       |       |     1 |     5 ||     6

Illustrated notes

Table legend:
 A = Kills in this place as a percentage of kills in the entire game.
 B = Kills by you in this place as a percentage of kills by you in the entire game.
 C = Kills by friends in this place as a percentage of kills by friends in the entire game.
 D = Other kills in this place as a percentage of other kills in the entire game.
 E = Experience gained in this place as a percentage of experience gained in the entire game.
 F = Experience gained in this place divided by the number of levels of this place that you have seen.
                   A       B       C       D       E      F
               +-------+-------+-------+-------+-------+----------------------
         Total | 100.0 | 100.0 | 100.0 |   N/A | 100.0 | 2026.3
       Dungeon |  89.1 |  90.2 |   0.0 |   N/A |  59.8 | 1432.9
          Lair |   5.9 |   6.0 |   0.0 |   N/A |  21.8 | 5741.0
      Gauntlet |   5.0 |   3.8 | 100.0 |   N/A |  18.4 | 4839.0
               +-------+-------+-------+-------+-------+----------------------

Table legend: (Time is in decaauts)
 A = Elapsed time spent in this place.
 B = Non-inter-level travel time spent in this place.
 C = Inter-level travel time spent in this place.
 D = Time resting spent in this place.
 E = Time spent auto-exploring this place.
 F = Levels seen in this place.
 G = Mean time per level.
                   A        B        C        D        E       F      G
               +--------+--------+--------+--------+--------+-----+--------+
         Total |  11116 |  10722 |    394 |   1188 |   7431 |  13 |  855.1 |
       Dungeon |  10137 |   9743 |    394 |    829 |   7372 |  11 |  921.5 |
          Lair |    398 |    398 |      0 |     80 |     11 |   1 |  398.0 |
      Gauntlet |    580 |    580 |      0 |    279 |     48 |   1 |  580.0 |
               +--------+--------+--------+--------+--------+-----+--------+

Top non-repeatable levels by time:
     D:5: 1283 daAuts
     D:6: 1226 daAuts
    D:10: 1211 daAuts
    D:11: 1083 daAuts
     D:4: 929 daAuts
     D:7: 823 daAuts
     D:8: 822 daAuts
     D:3: 751 daAuts
     D:9: 740 daAuts
     D:1: 649 daAuts
     D:2: 615 daAuts
Gauntlet: 580 daAuts
  Lair:1: 398 daAuts
